 Dungeon Crawl Stone Soup version 0.25.0-9-g26727b657a (webtiles) character file.

Game seed: 18085610269536269464

197738 Infinimo the Shatterer (level 18, -8/201 HPs)
             Began as an Ogre Berserker on June 19, 2020.
             Was the Champion of Trog.
             Mangled by a swamp worm (14 damage)
             ... on level 4 of the Swamp.
             The game lasted 01:16:53 (47312 turns).

Infinimo the Shatterer (Ogre Berserker)            Turns: 47312, Time: 01:16:54

Health: -8/201     AC: 24    Str: 28    XL:     18   Next: 42%
Magic:  18/18      EV:  5    Int:  8    God:    Trog [******]
Gold:   673        SH:  0    Dex: 13    Spells: 17/17 levels left

rFire    + + .     SeeInvis .   d - +8 giant spiked club (flame)
rCold    + + .     Gourm    .   (shield currently unavailable)
rNeg     . . .     Faith    .   I - +2 gold dragon scales
rPois    +         Spirit   .   (helmet restricted)
rElec    .         Reflect  .   x - scarf {rC+ rF+}
rCorr    .         Harm     .   (gloves unavailable)
MR       +++..                  (boots unavailable)
Stlth    ..........             y - amulet "Vemuin Kaor" {MR+ Regen+ Str-4 Dex+5}
HPRegen  0.83/turn              Q - +4 ring of protection
MPRegen  0.16/turn              R - ring of protection from magic

@: hasted, studying 2 skills, heavily drained, very quick
A: large, unfitting armour, tough skin 1
}: 1/15 runes: gossamer
a: Berserk, Trog's Hand, Brothers in Arms, Renounce Religion


You were on level 4 of the Swamp.
You worshipped Trog.
Trog was exalted by your worship.
You were not hungry.

You visited 5 branches of the dungeon, and saw 31 of its levels.

You collected 2691 gold pieces.
You spent 2018 gold pieces at shops.

Inventory:

Hand Weapons
 a - the +7 giant club "Inevvi" {flame, Dex+3}
   (Trog gifted it to you on level 2 of the Orcish Mines)

   It has been specially enchanted to burn those struck by it, causing extra
   injury to most foes and up to half again as much damage against particularly
   susceptible opponents.
   It affects your dexterity (+3).
 d - a +8 giant spiked club of flaming (weapon)
 w - a +3 great mace
 U - a +3 antimagic giant spiked club
Armour
 x - a scarf of resistance (worn)
 I - +2 gold dragon scales (worn)
Jewellery
 j - an uncursed ring of resist corrosion
 o - an uncursed ring of protection from cold
 y - the amulet "Vemuin Kaor" (around neck) {MR+ Regen+ Str-4 Dex+5}
   (You bought it in a shop on level 2 of the Orcish Mines)

   [amulet of regeneration]

   It affects your strength (-4).
   It affects your dexterity (+5).
   It affects your resistance to hostile enchantments.
   It increases your rate of regeneration.
 B - an uncursed ring of positive energy
 N - the amulet of Huecvug {Spirit rElec rF++ MR- MP+9}
   (You bought it in a shop on level 2 of the Orcish Mines)

   [amulet of guardian spirit]

   It causes incoming damage to be split between your health and magic.
   It greatly protects you from fire.
   It insulates you from electricity.
   It affects your resistance to hostile enchantments.
   It affects your magic capacity (+9).
 Q - a +4 ring of protection (left hand)
 R - a ring of protection from magic (right hand)
 V - the ring of Guqufeza {rElec rPois rC++ MP+9 Str-4}
   (You found it on level 3 of the Swamp)

   [ring of magical power]

   It affects your strength (-4).
   It greatly protects you from cold.
   It insulates you from electricity.
   It protects you from poison.
   It affects your magic capacity (+9).
 W - the amulet of Poryr {Acrobat +Fly rF+ Dex-3 Stlth+}
   (You found it on level 3 of the Swamp)

   [amulet of the acrobat]

   It helps you evade while moving and waiting.
   It affects your dexterity (-3).
   It protects you from fire.
   It lets you fly.
   It makes you more stealthy.
Wands
 l - a wand of enslavement (10)
 m - a wand of acid (1)
 v - a wand of digging (26)
 C - a wand of polymorph (22)
 D - a wand of iceblast (17)
 G - a wand of paralysis (7)
Scrolls
 b - 3 scrolls of enchant weapon
 g - 2 scrolls of summoning
 h - 4 scrolls of magic mapping
 k - 19 scrolls of remove curse
 n - 2 scrolls of teleportation
 p - 3 scrolls of brand weapon
 q - 2 scrolls of enchant armour
 J - 5 scrolls of fog
 M - 3 scrolls of identify
 O - a scroll of fear
Potions
 e - 8 potions of curing
 f - 2 potions of haste
 i - 4 potions of brilliance
 s - 2 potions of stabbing
 u - 2 potions of mutation
 z - 3 potions of resistance
 E - 3 potions of magic
 F - 2 potions of lignification
 H - 5 potions of might
 L - 2 potions of berserk rage
 P - 3 potions of ambrosia
Books
 K - a manual of Shields
 S - a manual of Fighting
Comestibles
 c - 18 rations


   Skills:
 + Level 17.5(14.5) Fighting
 * Level 21.1(17.8) Maces & Flails
 + Level 13.3(10.6) Armour
 - Level 6.0(3.7) Dodging
 - Level 2.0(0.0) Stealth
 - Level 0.3(0.0) Evocations


You had 17 spell levels left.
You didn't know any spells.
Your spell library was empty.

Dungeon Overview and Level Annotations

Branches:
Dungeon (15/15)            Temple (0/1) D:6            Lair (6/6) D:10
  Swamp (4/4) Lair:2       Spider (4/4) Lair:3        Slime (0/5) Lair:5
    Orc (2/2) D:9             Elf (0/3) Orc:2        Vaults (0/5) D:14
 Depths: D:15

Altars:
Dithmenos
Fedhas
Gozag
Kikubaaqudgha
Makhleb
Qazlal
Wu Jian
Yredelemnul
Zin
Beogh
Jiyva

Shops:
D:13 ?   Orc:1 :   Orc:2 ([*=}

Annotations:
D:6 3 runed translucent doors, Garrluk's ghost, novice OgWz
D:9 1 runed translucent door, 2 transporters, exclusion: 4 orange crystal statues
D:11 sosloow's ghost, journeyman MfGl
D:14 Roxanne
Lair:4 exclusion: 3 oklob plants
Swamp:3 Zachydoop's ghost, journeyman DsGl
Swamp:4 3 runed translucent doors, exclusion: 3 oklob plants, botvinik's ghost, adept HOFi; kelmiir's ghost, adept DrFi


Innate Abilities, Weirdness & Mutations

You are too large for most types of armour.
You have tough skin. (AC +1)


Message History

* * * LOW HITPOINT WARNING * * *
You enter the shallow water.
Moving in this stuff is going to be slow.
The alligator bites you!
* * * LOW HITPOINT WARNING * * *
The alligator tail-slaps you but does no damage.
The spriggan druid calls out to the beasts of the wild!
The swamp worm seems to regain its courage.
The swamp worm bites you but does no damage.
You enter the shallow water.
Moving in this stuff is going to be slow.
The alligator bites you.
* * * LOW HITPOINT WARNING * * *
The alligator tail-slaps you!
* * * LOW HITPOINT WARNING * * *
The swamp worm bites you but does no damage.
The alligator completely misses you. The alligator tail-slaps you.
* * * LOW HITPOINT WARNING * * *
The swamp worm bites you!
You die...

.....≈≈≈≈.######≈♣ ♣.
...≈.≈≈..## ⌠P#.♣♣♣.
......≈t## ...#.≈♣.≈
♣♣♣♣♣♣Z≈# ...#.≈.≈≈
♣♣♣i♣# .?.+..≈≈≈ ♣≈≈§.#
...+...≈≈ ♣.t≈≈#
..W+.≈≈≈≈ ♣w≈≈≈#
..W#.≈≈≈≈ ♣♣@≈≈≈#
...#.§§≈÷ ♣≈.≈≈≈≈##
⌠.#♣≈≈≈. ♣♣≈≈≈≈§≈####
♣(≈≈♣
♣§≈≈≈≈≈≈≈≈.♣♣♣♣...♣
♣♣§≈≈.≈≈≈[≈.♣≈≈≈..≈♣
♣≈(≈≈≈≈≈≈.♣♣.≈≈≈≈≈≈†
♣♣.≈≈≈≈≈≈≈.♣♣[≈≈≈≈≈≈
♣♣♣♣♣..≈≈≈....♣≈≈≈≈≈≈.
♣♣♣..♣♣≈.....≈♣♣♣♣.≈≈≈..


You could see 2 alligators, a spriggan druid, a swamp worm and a four-headed
hydra simulacrum.

Vanquished Creatures
  Mara (Swamp:4)
  Jorgrun (D:14)
  Asterion (Spider:3)
  Frances (Spider:1)
  Aizul (Spider:1)
  10 emperor scorpions
  Louise (D:14)
  7 ghost moths
  An orc warlord (Orc:2)
  An entropy weaver (Spider:2)
  2 vampire knights (Swamp:4)
  The ghost of MordorOrchid the Nimble, a journeyman SpBe of Trog (Lair:6)
  A spark wasp (Spider:3)
  Josephine (D:11)
  9 hydras
  A ghost crab (Swamp:3)
  2 shambling mangroves
  4 catoblepae
  Erica (Lair:2)
  4 centaur warriors (D:13)
  5 alligators
  7 two-headed ogres
  A tengu warrior (D:15)
  12 death yaks
  4 orc high priests (Orc:2)
  Urug (Lair:4)
  Nergalle (Lair:4)
  3 spriggan druids
  2 unseen horrors
  11 swamp dragons
  3 spectral hydras (Swamp:4)
  2 wolf spider zombies
  A phantasmal warrior (Swamp:4)
  3 orc knights (Orc:2)
  A deep elf mage (D:15)
  28 wolf spiders
  18 orb spiders
  4 orc sorcerers
  2 cyclopes
  2 moths of wrath
  6 ugly things
  3 manticores
  A cyclops (shapeshifter) (D:15)
  7 elephants
  A guardian serpent (shapeshifter) (D:14)
  17 spiny frogs
  A torpor snail (Spider:3)
  A centaur skeleton (D:15)
  2 black mambas
  A rime drake (shapeshifter) (D:14)
  9 komodo dragons
  8 demonic crawlers
  2 death drake zombies (Swamp:4)
  A hydra zombie (Swamp:4)
  A troll (shapeshifter) (D:14)
  2 polar bears
  35 jumping spiders
  2 trolls
  15 hornets
  Prince Ribbit (D:6)
  A hydra skeleton (Swamp:4)
  A harpy skeleton (D:15)
  A death drake skeleton (Swamp:4)
  A polar bear (shapeshifter) (D:14)
  12 slime creatures
  8 tyrant leeches
  5 bog bodies
  11 hippogriffs
  A meliai zombie (D:15)
  20 blink frogs
  80 redbacks
  The ghost of releu the Merchant of Misery, an amateur TrNe of Kikubaaqudgha (D:3)
  6 wraiths
  14 tarantellas
  4 spriggans
  2 shadows (Swamp:4)
  43 yaks
  3 wyverns
  12 vampire mosquitoes
  6 basilisks
  3 wargs
  Grum (D:11)
  A hungry ghost (D:10)
  19 insubstantial wisps
  A soldier ant (shapeshifter) (D:14)
  11 swamp worms
  14 water moccasins
  8 porcupines
  3 black bears
  28 orc warriors
  A hornet zombie (D:14)
  9 ogres
  9 swamp drakes
  An ice beast (D:7)
  A sky beast (D:5)
  An eye of draining (D:11)
  4 phantoms
  12 centaurs
  2 necrophages
  4 wolves
  10 crocodiles
  13 bullfrogs
  4 scorpions
  A wyvern skeleton (D:8)
  A water moccasin skeleton (D:6)
  11 killer bees
  An electric eel (D:11)
  12 crimson imps
  A quasit (D:9)
  2 bullfrog zombies
  17 orc priests
  5 hounds
  2 jellies
  33 orc wizards
  3 bullfrog skeletons
  4 iguanas
  6 worker ants
  A killer bee zombie (D:7)
  8 gnolls
  9 adders
  4 shadow imps
  12 white imps (Lair:5)
  An adder zombie (D:6)
  2 worms (D:3)
  2 dart slugs
  2 leopard geckos
  72 orcs
  11 bats
  2 giant cockroaches (D:1)
  3 hobgoblins
  10 jackals
  4 kobolds
  6 quokkas
  5 frilled lizards
  7 goblins
  A jackal zombie (D:6)
  A leopard gecko skeleton (D:7)
  2 quokka zombies (D:7)
  3 rats
  A fungus (Lair:6)
  A plant (Lair:4)
939 creatures vanquished.

Vanquished Creatures (collateral kills)
  An ogre mage (D:15)
  A two-headed ogre (D:13)
  A centaur skeleton (D:13)
  A troll (D:13)
  A hydra simulacrum (Swamp:4)
  A swamp dragon zombie (Swamp:4)
  A big kobold (D:13)
  A bullfrog (D:15)
  2 kobolds (D:13)
10 creatures vanquished.

Vanquished Creatures (others)
  2 hornets (Swamp:4)
  An orc priest (Orc:2)
  5 fungi
  16 plants
  5 withered plants (Swamp:4)
29 creatures vanquished.

Grand Total: 978 creatures vanquished

Notes
Turn   | Place    | Note
-------+----------+-------------------------------------------
     0 | D:1      | Infinimo the Ogre Berserker began the quest for the Orb.
     0 | D:1      | Reached XP level 1. HP: 24/24 MP: 1/1
   252 | D:1      | Reached XP level 2. HP: 32/32 MP: 2/2
  1678 | D:2      | Reached XP level 3. HP: 40/40 MP: 3/3
  1751 | D:2      | Found a shadowy altar of Dithmenos.
  1754 | D:2      | Found a glowing silver altar of Zin.
  1757 | D:2      | Found an ancient bone altar of Kikubaaqudgha.
  1795 | D:2      | Reached skill level 3 in Maces & Flails
  2184 | D:2      | Reached XP level 4. HP: 49/49 MP: 4/4
  2325 | D:3      | Reached ** piety under Trog
  2835 | D:3      | Reached XP level 5. HP: 55/55 MP: 5/5
  2879 | D:3      | Reached skill level 5 in Fighting
  3031 | D:3      | Found an ornate altar of the Wu Jian Council.
  3050 | D:3      | Found a runed translucent door.
  3258 | D:3      | Noticed releu's ghost (amateur TrNe)
  3452 | D:3      | Reached skill level 4 in Maces & Flails
  3479 | D:3      | Reached XP level 6. HP: 14/66 MP: 6/6
  3764 | D:3      | Killed releu's ghost
  3764 | D:3      | Reached skill level 1 in Stealth
  3912 | D:4      | Reached skill level 5 in Maces & Flails
  3912 | D:4      | Reached XP level 7. HP: 74/74 MP: 7/7
  5150 | D:4      | Reached skill level 5 in Dodging
  5400 | D:5      | Entered Level 5 of the Dungeon
  5441 | D:5      | Reached XP level 8. HP: 64/84 MP: 8/8
  5611 | D:5      | Reached skill level 6 in Maces & Flails
  5748 | D:5      | Reached *** piety under Trog
  6814 | D:6      | Found a staircase to the Ecumenical Temple.
  6838 | D:6      | Found a runed translucent gate.
  6839 | D:6      | Found a runed translucent gate.
  6840 | D:6      | Found a runed translucent gate.
  6841 | D:6      | Found an opulent altar of Gozag.
  6842 | D:6      | Noticed Garrluk's ghost (novice OgWz)
  6870 | D:6      | Found a stormy altar of Qazlal.
  6871 | D:6      | Noticed an air elemental
  6871 | D:6      | Noticed a water elemental
  6989 | D:6      | Noticed Prince Ribbit
  7492 | D:6      | Killed Prince Ribbit
  7492 | D:6      | Reached skill level 7 in Maces & Flails
  7492 | D:6      | Reached XP level 9. HP: 72/96 MP: 9/9
  8423 | D:7      | Reached skill level 8 in Maces & Flails
  8844 | D:7      | Reached **** piety under Trog
 10844 | D:9      | Noticed a two-headed ogre
 10855 | D:8      | Reached skill level 9 in Maces & Flails
 10932 | D:9      | Killed a two-headed ogre
 10932 | D:9      | Reached skill level 10 in Fighting
 10932 | D:9      | Reached XP level 10. HP: 110/110 MP: 10/10
 11220 | D:9      | Reached skill level 10 in Maces & Flails
 11750 | D:9      | Found a runed translucent door.
 11750 | D:9      | Noticed an orange crystal statue
 11751 | D:9      | Found the +10 tower shield of Ignorance {rN+ Int-4}
 11920 | D:9      | Found a transporter.
 11920 | D:9      | Found a transporter.
 11924 | D:9      | Found a roughly hewn altar of Beogh.
 12102 | D:9      | Identified the ring of Liberalism {Fire rElec Int+4}
 12128 | D:9      | Found a staircase to the Orcish Mines.
 12150 | D:9      | Found a runed translucent door.
 12362 | D:9      | Noticed an orange crystal statue
 12362 | D:9      | Noticed an orange crystal statue
 12362 | D:9      | Noticed an orange crystal statue
 12771 | D:10     | Entered Level 10 of the Dungeon
 12863 | D:10     | Found a staircase to the Lair.
 12868 | D:10     | Noticed an elephant
 12879 | D:10     | Reached skill level 1 in Armour
 12886 | D:10     | Killed an elephant
 13400 | D:10     | Reached skill level 11 in Maces & Flails
 13623 | D:10     | Reached XP level 11. HP: 119/119 MP: 7/11
 13629 | D:10     | Reached ***** piety under Trog
 14279 | D:11     | Noticed a cyan ugly thing
 14282 | D:11     | Noticed Josephine
 14477 | D:11     | Reached skill level 12 in Maces & Flails
 14477 | D:11     | Noticed Grum
 14566 | D:11     | Killed Grum
 14941 | D:11     | Paralysed by a hornet for 1 turns
 15513 | D:11     | Killed Josephine
 15692 | D:11     | Noticed a purple ugly thing
 15968 | D:11     | Noticed a cyclops
 15990 | D:11     | Killed a cyclops
 16219 | D:11     | Killed a cyan ugly thing
 16219 | D:11     | Reached skill level 5 in Armour
 16280 | D:11     | Killed a red ugly thing
 16420 | D:12     | Reached skill level 13 in Maces & Flails
 16778 | D:12     | Noticed a two-headed ogre
 16796 | D:12     | Killed a two-headed ogre
 16796 | D:12     | Reached XP level 12. HP: 128/128 MP: 12/12
 16832 | D:12     | Found a runed translucent door.
 16835 | D:12     | Noticed sosloow's ghost (journeyman MfGl)
 17369 | D:13     | Noticed a centaur warrior
 17375 | D:13     | Killed a centaur warrior
 17895 | D:13     | Noticed a catoblepas
 17912 | D:13     | Killed a catoblepas
 18027 | D:13     | Noticed a centaur warrior
 18032 | D:13     | Noticed a two-headed ogre
 18048 | D:13     | Killed a centaur warrior
 18081 | D:13     | Killed a two-headed ogre
 18296 | D:13     | Found Dacwaado's Magic Scroll Shop.
 18299 | D:13     | Bought a scroll of blinking for 97 gold pieces
 18319 | D:13     | Noticed a centaur warrior
 18328 | D:13     | Killed a centaur warrior
 18328 | D:13     | Reached skill level 14 in Maces & Flails
 18503 | D:13     | Noticed a two-headed ogre
 18509 | D:13     | Killed a two-headed ogre
 18662 | D:13     | Noticed a centaur warrior
 18677 | D:13     | Killed a centaur warrior
 18772 | D:14     | Noticed Louise
 18925 | D:14     | Killed Louise
 19325 | D:14     | Noticed a two-headed ogre
 19335 | D:14     | Killed a two-headed ogre
 19335 | D:14     | Received a gift from Trog
 19393 | D:14     | Reached XP level 13. HP: 135/135 MP: 9/13
 19438 | D:14     | Reached skill level 15 in Maces & Flails
 19594 | D:14     | Noticed Jorgrun
 19632 | D:14     | Killed Jorgrun
 20337 | D:14     | You fall into a shaft and drop 1 floor!
 20337 | D:15     | Entered Level 15 of the Dungeon
 20587 | D:15     | Got a dull robe
 20591 | D:15     | Identified the +2 robe of the Aged Lovers {-Tele +Fly
                  | Dex+4} (You found it on level 15 of the Dungeon)
 20666 | D:14     | Identified Roxanne's Guide on Earth
 20666 | D:14     | Noticed Roxanne
 20768 | D:14     | Found a gate to the Vaults.
 20782 | D:14     | Paralysed by a floating eye for 2 turns
 20791 | D:14     | Paralysed by a floating eye for 4 turns
 21668 | D:15     | Noticed an ogre mage
 21689 | D:15     | Killed an ogre mage
 21960 | D:15     | Reached skill level 16 in Maces & Flails
 22017 | D:15     | Noticed an ettin
 22137 | Lair:1   | Entered Level 1 of the Lair of Beasts
 23412 | Lair:2   | Found a staircase to the Swamp.
 23518 | Lair:2   | Noticed Erica
 23524 | Lair:2   | Killed Erica
 23580 | Lair:1   | Identified the +7 lajatang of Zesyhyso {drain, Str+4} (You
                  | found it on level 1 of the Lair of Beasts)
 23672 | Lair:2   | Reached XP level 14. HP: 106/144 MP: 11/14
 24469 | Lair:3   | Found a hole to the Spider Nest.
 24913 | Lair:3   | Reached ****** piety under Trog
 26439 | Lair:4   | Reached skill level 17 in Maces & Flails
 26990 | Lair:4   | Noticed Nergalle
 27026 | Lair:4   | Killed Nergalle
 27139 | Lair:4   | Noticed Urug
 27147 | Lair:4   | Killed Urug
 27271 | Lair:4   | Reached skill level 10 in Armour
 28437 | Lair:5   | Found a staircase to the Slime Pits.
 28437 | Lair:5   | Found a viscous altar of Jiyva.
 28468 | Lair:5   | Received a gift from Trog
 28474 | Lair:5   | Got a masterwork giant club {god gift}
 28968 | Lair:6   | Entered Level 6 of the Lair of Beasts
 29732 | Lair:6   | Found a runed translucent gate.
 29733 | Lair:6   | Found a runed translucent gate.
 29780 | Lair:6   | Found a runed translucent gate.
 30220 | Lair:6   | Reached XP level 15. HP: 154/154 MP: 15/15
 30372 | Lair:6   | Reached skill level 18 in Maces & Flails
 30807 | Lair:6   | Noticed MordorOrchid's ghost (journeyman SpBe)
 30908 | Lair:6   | Killed MordorOrchid's ghost
 31156 | Orc:1    | Entered Level 1 of the Orcish Mines
 31647 | Orc:1    | Found Gusk's Book Shoppe.
 31668 | Orc:1    | Received a gift from Trog
 31673 | Orc:1    | Identified the +5 giant club of a bailey {vorpal, *Rage rC+
                  | Str+7} (Trog gifted it to you on level 5 of the Lair of
                  | Beasts)
 31770 | Orc:1    | Found a roughly hewn altar of Beogh.
 32059 | Orc:2    | Entered Level 2 of the Orcish Mines
 32217 | Orc:2    | Found a roughly hewn altar of Beogh.
 32257 | Orc:2    | Found Kicigus's Gadget Boutique.
 33072 | Orc:2    | Received a gift from Trog
 33094 | Orc:2    | Got a jewelled giant club {god gift}
 33125 | Orc:2    | Identified the +7 giant club "Inevvi" {flame, Dex+3} (Trog
                  | gifted it to you on level 2 of the Orcish Mines)
 33164 | Orc:2    | Noticed an orc warlord
 33315 | Orc:2    | Killed an orc warlord
 33772 | Orc:2    | Found a staircase to the Elven Halls.
 33953 | Orc:2    | Found Zopheowk's Antique Armour Shop.
 33954 | Orc:2    | Found Kaihadus's Antique Weapon Boutique.
 33955 | Orc:2    | Found Purgh's General Store.
 33955 | Orc:2    | Found Cuck's Jewellery Shop.
 33959 | Orc:2    | Bought the amulet "Vemuin Kaor" {MR+ Regen+ Str-4 Dex+5}
                  | for 759 gold pieces
 33974 | Orc:2    | Bought a runed cloak for 172 gold pieces
 33990 | Orc:2    | Bought the amulet of Huecvug {Spirit rElec rF++ MR- MP+9}
                  | for 990 gold pieces
 34414 | Spider:1 | Entered Level 1 of the Spider Nest
 34515 | Spider:1 | Killed a ghost moth
 35503 | Lair:3   | Killed a ghost moth
 36119 | Spider:1 | Noticed Aizul
 36132 | Spider:1 | Killed Aizul
 36132 | Spider:1 | Received a gift from Trog
 36139 | Spider:1 | Noticed Frances
 36462 | Spider:1 | Killed Frances
 36462 | Spider:1 | Reached XP level 16. HP: 169/169 MP: 16/16
 37660 | Spider:1 | Reached skill level 19 in Maces & Flails
 39354 | Spider:3 | Received a gift from Trog
 39363 | Spider:3 | Got a steaming battleaxe {god gift}
 40285 | Spider:4 | Entered Level 4 of the Spider Nest
 41020 | Spider:3 | Reached XP level 17. HP: 177/182 MP: 17/17
 41364 | Spider:4 | Identified the +0 kite shield of Hepliaklqana's Regard
                  | {Dex+2}
 41364 | Spider:4 | Noticed Asterion
 41553 | Spider:3 | Killed Asterion
 41926 | Spider:3 | Reached skill level 20 in Maces & Flails
 42070 | Spider:4 | Reached skill level 15 in Fighting
 42302 | Spider:4 | Received a gift from Trog
 42763 | Spider:4 | Got a gossamer rune of Zot
 43303 | Swamp:1  | Entered Level 1 of the Swamp
 43964 | Swamp:1  | You fall into a shaft and drop 1 floor!
 44058 | Swamp:2  | Received a gift from Trog
 44286 | Swamp:2  | Identified a scroll of acquirement
 44579 | Swamp:2  | Found a burning altar of Makhleb.
 45177 | Swamp:3  | Found a transporter.
 45180 | Swamp:3  | Noticed Zachydoop's ghost (journeyman DsGl)
 45208 | Swamp:3  | Found a transporter.
 45692 | Swamp:3  | Paralysed by a hornet for 1 turns
 46320 | Swamp:3  | Got a transparent wooden ring
 46322 | Swamp:3  | Got a transparent pewter amulet
 46447 | Swamp:3  | Identified the ring of Guqufeza {rElec rPois rC++ MP+9
                  | Str-4} (You found it on level 3 of the Swamp)
 46451 | Swamp:3  | Identified the amulet of Poryr {Acrobat +Fly rF+ Dex-3
                  | Stlth+} (You found it on level 3 of the Swamp)
 46484 | Swamp:4  | Entered Level 4 of the Swamp
 46586 | Swamp:4  | Reached XP level 18. HP: 158/198 MP: 18/18
 46599 | Swamp:4  | Noticed Mara
 46622 | Swamp:4  | Killed Mara
 46744 | Swamp:4  | Found a runed translucent gate.
 46745 | Swamp:4  | Found a runed translucent gate.
 46746 | Swamp:4  | Found a runed translucent gate.
 47010 | Swamp:4  | Reached skill level 21 in Maces & Flails
 47041 | Swamp:4  | Noticed kelmiir's ghost (adept DrFi)
 47153 | Swamp:4  | Noticed botvinik's ghost (adept HOFi)
 47207 | Swamp:4  | Found a blossoming altar of Fedhas.
 47211 | Swamp:4  | Found a basalt altar of Yredelemnul.
 47311 | Swamp:4  | HP: 6/201 [alligator[a spriggan druid] (8)]
 47312 | Swamp:4  | Mangled by a swamp worm

Illustrated notes

Levels and vault maps discovered:
D:1:      ncdulo_smallfort, layout_basic
D:2:      layout_basic, grunt_temple_overflow_diamond, first_ration
D:3:      layout_rooms, nicolae_overflow_crystal_walls,
          ebering_ghost_reflecting_pool, cheibrodos_gnoll_hut
D:4:      layout_loops_ring
D:5:      layout_rooms, sigmund_army
D:6:      layout_cave_pools, minmay_temple_entry_statues, ebering_ghost_gozag,
          nicolae_qazlal_style_of_elements, uniq_prince_ribbit1
D:7:      layout_basic, grunt_ministairs_11
D:8:      layout_gridville
D:9:      gammafunk_beogh_shrine, layout_rooms, orc_0_dummy, the_bakery,
          chequers_guarded_unrand_ignorance
D:10:     layout_small_grid, david_lair_generic
D:11:     cheibrodos_helix_gallery, layout_cave_pools, uniq_josephine, uniq_grum
D:12:     layout_cross, hellmonk_ghost_happy_afterlife
D:13:     layout_roguey, serial_shops, shop
D:14:     layout_basic, david_vaults_2, nrook_mini_vaults, uniq_louise,
          uniq_jorgrun, uniq_roxanne
D:15:     hangedman_depths_entry_civil_slaughter, layout_loops_ring,
          eino_curves_01, hangedman_abyss_or_decor_stagger, uniq_azrael
Lair:1:   layout_long_grid, grunt_megastairs_3
Lair:2:   layout_regular_city, swamp_mist, serial_bayou_shore_a, uniq_erica
Lair:3:   layout_loops_ring, spider_nest_entry_webs, bh_autumn_forest_stairs
Lair:4:   layout_gridlike, kennysheep_basilisk_garden,
          minmay_lair_oklob_chamber, uniq_urug, uniq_nergalle
Lair:5:   layout_misc_corridors, slime_altar_1, portal_ice_cave_entry_imps,
          serial_bayou_shore_b
Lair:6:   evilmike_catoblepas_cave, layout_regular_city,
          ebering_ghost_rock_garden, nicolae_quartered_pool_super,
          serial_bayou_shore_b
Swamp:1:  layout_falls_marsh, evilmike_swamp_ruin_house_4
Swamp:2:  layout_falls_marsh, lemuel_altar_in_water
Swamp:3:  layout_falls_marsh, gammafunk_ghost_berserking_beasts,
          hangedman_swamp_ruin_wall, infiniplex_staircase_pool_2
Swamp:4:  byrel_swamp_growth_death_and_undeath, layout_basic_swamp,
          gammafunk_ghost_cemetery, uniq_mara
Spider:1: layout_spider_delve, uniq_aizul, uniq_frances
Spider:2: layout_spider_delve, nicolae_spider_cling_halls
Spider:3: layout_spider_delve
Spider:4: grunt_spider_rune_circles, nicolae_spider_cling_ruins, uniq_asterion
Orc:1:    nicolae_orc_accident_2, layout_caves, serial_shops,
          nicolae_shop_behind_doors
Orc:2:    st_orc_congregation, layout_diamond_mine, serial_shops, shop,
          basic_altar

Skill      XL: |  1  2  3  4  5  6  7  8  9 10 11 12 13 14 15 16 17 18 |
---------------+-------------------------------------------------------+-----
Dodging        | 3 4 5 6 |  6.0
Maces & Flails | 3 4 5 7 9 11 13 14 16 17 18 19 20 21 | 21.1
Fighting       | 5 6 7 10 11 13 14 16 17 | 17.5
Stealth        | 1 2 |  2.0
Armour         | 3 5 7 9 10 11 12 13 | 13.3
Evocations     | |  0.3

Action                   |  1- 3 |  4- 6 |  7- 9 | 10-12 | 13-15 | 16-18 || total
-------------------------+-------+-------+-------+-------+-------+-------++-------
Melee: Mace              |    80 |   112 |   158 |       |       |       ||   350
       Giant spiked club |       |       |     7 |       |     5 |   585 ||   597
       Flail             |       |       |   172 |   689 |       |       ||   861
       Morningstar       |       |       |   100 |    26 |       |       ||   126
       Great mace        |       |       |       |     6 |   916 |       ||   922
       Giant club        |       |       |       |       |   294 |   392 ||   686
Invok: Berserk           |     7 |     6 |    16 |    32 |    21 |    13 ||    95
       Brothers in Arms  |       |       |       |     1 |     1 |     2 ||     4
       Trog's Hand       |       |       |       |       |     1 |     1 ||     2
Evoke: Wand              |       |       |     5 |     4 |     3 |     4 ||    16
  Use: Potion            |       |     2 |       |     3 |       |    11 ||    16
       Scroll            |       |     7 |     3 |    17 |    10 |    18 ||    55
 Stab: Sleeping          |       |       |     1 |     2 |       |       ||     3
       Confused          |       |       |       |       |       |     1 ||     1
  Eat: Chunk             |     6 |     3 |    21 |    32 |    52 |    13 ||   127
       Ration            |     1 |     2 |     5 |     9 |     7 |    10 ||    34
Armor: Animal skin       |    27 |    45 |    72 |       |       |       ||   144
       Robe              |       |       |    69 |    16 |       |       ||    85
       Gold dragon scale |       |       |       |   485 |   884 |  1486 ||  2855
Dodge: Dodged            |    59 |    87 |   233 |   176 |   301 |   454 ||  1310
Block: Other             |       |       |       |       |    58 |       ||    58
       Reflection        |       |       |       |       |     2 |       ||     2
